 Dungeon Crawl Stone Soup version 0.31-a0-978-g1e143483b6 (webtiles) character file.

Game seed: 14171191863384302431

8589 LeprechaunX the Mimic (level 11, 0/82 HPs)
             Began as an Octopode Shapeshifter on Oct 30, 2023.
             Was a Believer of Hepliaklqana.
             Slain by an unseen horror (4 damage)
             ... on level 10 of the Dungeon.
             The game lasted 00:11:44 (8737 turns).

LeprechaunX the Mimic (Octopode Shapeshifter)       Turns: 8737, Time: 00:11:45

Health: 0/82       AC: 13    Str: 21    XL:     11   Next: 33%
Magic:  14/14      EV: 10    Int: 13    God:    Hepliaklqana [**....]
Gold:   540        SH:  0    Dex: 19    Spells: 10/10 levels left

rFire   . . .        b - melded +9 falchion "Hellblazer" {speed, rElec rPois rC- Will+}
rCold   . . .        (shield currently unavailable)
rNeg    . . .        (helmet currently unavailable)
rPois   .            (no amulet)
rElec   .            e - +4 ring of protection
rCorr   +            u - ring of resist corrosion
SInv    .            O - +6 ring of dexterity
Will    .....        (no ring)
Stlth   ++           (no ring)
HPRegen 0.33/turn    (no ring)
MPRegen 0.14/turn    (no ring)
                     (no ring)

%: no passive effects
@: snake-form
A: constrict, boosted hp, reduced essence, almost no armour, amphibious, 8
rings, large, (camouflage 1), (gelatinous body 1), (nimble swimmer 1),
(tentacles)
a: Begin Untransformation, Renounce Religion, Recall Ancestor, Ancestor Identity


You were on level 10 of the Dungeon.
You worshipped Hepliaklqana.
Hepliaklqana was pleased with you.
You were an enormous anaconda.
You visited 2 branches of the dungeon, and saw 11 of its levels.

You collected 570 gold pieces.
You spent 30 gold pieces at shops.

Inventory:

Hand Weapons
 a - a +0 sling
 b - the +9 falchion "Hellblazer" (melded) {speed, rElec rPois rC- Will+}
   (You found it on level 3 of the Dungeon)

   rC-:       It makes you vulnerable to cold.
   rElec:     It insulates you from electricity.
   rPois:     It protects you from poison Will+: It increases your willpower.
Missiles
 F - 4 datura-tipped darts
Armour
 I - a +0 kite shield
Jewellery
 e - a +4 ring of protection (left tentacle)
 r - a ring of ice
 u - a ring of resist corrosion (right tentacle)
 L - a ring of magical power
 O - a +6 ring of dexterity (on tentacle)
Talismans
 c - a flux talisman
 n - a beast talisman
 x - a serpent talisman (active)
 P - a maw talisman
Wands
 t - a wand of paralysis (11)
 y - a wand of roots (4)
Scrolls
 d - 3 scrolls of amnesia
 f - 8 scrolls of identify
 g - 3 scrolls of noise
 m - 5 scrolls of teleportation
 v - 2 scrolls of enchant armour
 w - 2 scrolls of blinking
 C - a scroll of poison {unknown}
 D - a scroll of enchant weapon {unknown}
 E - 2 scrolls of immolation {unknown}
 G - 2 scrolls of silence {unknown}
 J - a scroll of acquirement {unknown}
 K - a scroll of revelation {unknown}
 M - a scroll of summoning {unknown}
 N - a scroll of fear {unknown}
Potions
 h - 8 potions of curing
 i - 2 potions of might
 j - 3 potions of attraction
 k - a potion of mutation
 l - 2 potions of resistance {unknown}
 o - 3 potions of degeneration {unknown}
 p - 7 potions of lignification
 q - 2 potions of enlightenment
 s - a potion of haste {unknown}
 z - a potion of berserk rage {unknown}
 A - a potion of brilliance {unknown}
 B - 2 potions of ambrosia {unknown}
 H - a potion of magic {unknown}


   Skills:
 + Level 8.2 Fighting
 - Level 2.0 Dodging
 - Level 6.0 Unarmed Combat
 - Level 5.0 Invocations
 + Level 7.8 Evocations
 * Level 11.1 Shapeshifting


You had 10 spell levels left.
You didn't know any spells.
Your spell library contained the following spells:

 Spells                   Type           Power      Damage    Failure   Level
 Kiss of Death            Conj/Necr      0%         2d5       30%         1
 Sting                    Tmut/Pois      0%         1d3       30%         1
 Summon Small Mammal      Summ           0%         N/A       30%         1
 Poisonous Vapours        Pois/Air       0%         N/A       43%         2
 Call Canine Familiar     Summ           0%         N/A       67%         3
 Confusing Touch          Hex            0%         N/A       67%         3
 Inner Flame              Hex/Fire       0%         N/A       67%         3
 Summon Guardian Golem    Hex/Summ       0%         N/A       67%         3
 Dispel Undead            Necr           0%         3d6       97%         4
 Flame Wave               Conj/Fire      0%         2d4       97%         4
 Olgreb's Toxic Radiance  Pois           0%         N/A       97%         4
 Sticky Flame             Conj/Fire      0%         2d3       97%         4
 Summon Lightning Spire   Summ/Air       0%         N/A       97%         4
 Lee's Rapid Deconstruct  Erth           0%         3d4*      100%        5
 Animate Armour           Summ/Erth      Unusable   N/A       N/A         4

Dungeon Overview and Level Annotations

Branches:
Dungeon (10/15)            Temple (1/1) D:7            Lair (0/5) D:10
    Orc: D:9-12

Altars:
Ashenzari
Cheibriados
Dithmenos
Elyvilon
Fedhas
Gozag
Hepliaklqana
Kikubaaqudgha
Makhleb
Nemelex Xobeh
Okawaru
Qazlal
Ru
Sif Muna
Trog
Uskayaw
Vehumet
Wu Jian
Xom
Yredelemnul
Zin
The Shining One

Shops:
D:5 ?


Innate Abilities, Weirdness & Mutations

You are an enormous anaconda.
You have a powerful constriction melee attack.
Your maximum health is increased.
Your armour is entirely melded.
You are incapable of wielding weapons or throwing items.
Your life essence is reduced to manifest your ancestor. (-10% HP)
You cannot wear most types of armour.
You are amphibious.
You can wear up to eight rings at the same time.
((Your skin changes colour to match your surroundings (Stealth+).))
((Your rubbery body absorbs attacks. (AC +1, EV +1)))
((You are camouflaged when in or above water. (Stealth+)))
((You have tentacles for arms and can constrict up to eight enemies at once.))


Message History

Something hits you.
You body-slam something!!
Something hits you!
You are too injured to fight recklessly!
You are too injured to fight recklessly!
You are too injured to fight recklessly!
You body-slam the yak!!
You grab the yak.
The yak is heavily wounded.
You constrict the yak. Something hits you. The yak gores you.
You hit the yak.
The yak is severely wounded.
You constrict the yak. Something hits you.
* * * LOW HITPOINT WARNING * * *
The yak gores you but does no damage.
You hit the yak.
The yak is severely wounded.
You constrict the yak. Something hits you but does no damage.
The yak gores you but does no damage.
You hit the yak but do no damage.
The yak is severely wounded.
You constrict the yak. Something hits you.
* * * LOW HITPOINT WARNING * * *
The yak completely misses you.
You hit the yak but do no damage.
The yak is almost dead.
You constrict the yak. Something hits you.
* * * LOW HITPOINT WARNING * * *
The yak barely misses you.
You hit the yak but do no damage.
The yak is almost dead.
You constrict the yak. Something hits you.
* * * LOW HITPOINT WARNING * * *
Something hits you but does no damage. The yak gores you!
* * * LOW HITPOINT WARNING * * *
Unknown command.
You hit the yak.
You kill the yak!
Something hits you but does no damage.
Unknown command.
Something hits you.
You die...

...........#...).....>...PP.P
.....>.....#..#......#....♣
........#.....#...Y{##....#
.#.#.....#....#...>...#..♣+
..###.###.....###........P#
.. ..........####..[......♣
..............<.##.......♣..P
......~~.....................
..#..÷S((.#.........
........†(.....#..##.
.........(.....#.##
...##............. ..
.............. #
...............
##..............
#..#.......♣..


There were no monsters in sight!

Vanquished Creatures
  A two-headed ogre (D:9)
  A rime drake (D:10)
  A tengu conjurer (D:8)
  A troll (D:10)
  2 hornets
  Grinder (D:4)
  2 wyverns
  9 yaks
  2 steam dragons
  A basilisk (D:8)
  Menkaure (D:4)
  A water moccasin (D:7)
  An orc warrior (D:7)
  2 ice beasts
  A black bear (D:4)
  3 wolves (D:10)
  An ogre (D:6)
  3 centaurs
  2 kobold brigands (D:8)
  2 scorpions
  4 bullfrogs
  10 wights
  3 howler monkeys (D:7)
  4 jellies
  5 hounds
  2 sleepcaps
  6 orc priests
  Ijyb (D:4)
  5 iguanas
  3 orc wizards
  2 gnolls (D:9)
  9 adders
  A shadow imp (D:8)
  2 white imps (D:6)
  2 ufetubi (D:7)
  4 worms
  A dart slug (D:4)
  26 orcs
  4 ball pythons
  6 endoplasms
  2 giant cockroaches (D:3)
  5 goblins
  5 hobgoblins
  5 jackals
  7 kobolds
  4 quokkas
  4 bats
  5 frilled lizards
  7 rats
182 creatures vanquished.

Vanquished Creatures (collateral kills)
  A polar bear (D:10)
  A wyvern (D:9)
  A wraith (D:9)
  A yak (D:9)
  An orc warrior (D:9)
  3 ice beasts
  A wolf (D:10)
  A kobold brigand (D:10)
  A gnoll sergeant (D:9)
  A gnoll (D:9)
  7 kobolds
19 creatures vanquished.

Vanquished Creatures (others)
  An unseen horror (D:10)
  3 battlemagi
  2 ancestors
6 creatures vanquished.

Grand Total: 207 creatures vanquished

Notes
Turn   | Place    | Note
-------+----------+-------------------------------------------
     0 | D:1      | LeprechaunX the Octopode Shapeshifter began the quest for
                  | the Orb.
     0 | D:1      | Reached XP level 1. HP: 13/13 MP: 1/1
   118 | D:1      | Reached XP level 2. HP: 18/18 MP: 2/2
   605 | D:2      | Reached XP level 3. HP: 9/23 MP: 3/3
  1012 | D:2      | Found a faded altar of an unknown god.
  1171 | D:3      | Found an iron altar of Okawaru.
  1191 | D:3      | Reached skill level 4 in Shapeshifting
  1191 | D:3      | Reached XP level 4. HP: 24/29 MP: 4/4
  1221 | D:3      | Identified the +0 whip of the Shining Light {freeze, *Noise
                  | Str+3 Dex+4}
  1246 | D:3      | Found a shimmering altar of Xom.
  1248 | D:3      | Identified the +9 falchion "Hellblazer" {speed, rElec rPois
                  | rC- Will+}
  1357 | D:3      | Reached XP level 5. HP: 35/35 MP: 5/5
  1489 | D:3      | Identified the +2 leather armour of the Curupira {rC-
                  | Regen+ SInv}
  1613 | D:3      | Found a broken altar of Ashenzari.
  1795 | D:3      | Reached XP level 6. HP: 38/41 MP: 6/6
  2091 | D:4      | Found a stormy altar of Qazlal.
  2172 | D:4      | Noticed Grinder
  2176 | D:4      | Paralysed by Grinder for 5 turns
  2183 | D:4      | Noticed a black bear
  2191 | D:4      | Killed Grinder
  2192 | D:4      | Reached skill level 5 in Shapeshifting
  2192 | D:4      | Reached XP level 7. HP: 17/46 MP: 7/7
  2496 | D:4      | Found a hide-covered altar of Uskayaw.
  2522 | D:4      | Noticed Ijyb
  2528 | D:4      | Paralysed by Ijyb for 3 turns
  2535 | D:4      | Killed Ijyb
  2637 | D:4      | Noticed Menkaure
  2639 | D:4      | Killed Menkaure
  2640 | D:4      | Reached skill level 6 in Shapeshifting
  2741 | D:4      | Reached skill level 1 in Evocations
  2807 | D:5      | Entered Level 5 of the Dungeon
  2875 | D:5      | Reached skill level 5 in Unarmed Combat
  2897 | D:5      | Found Zeid's Magic Scroll Emporium.
  3178 | D:5      | Noticed a steam dragon
  3183 | D:5      | Killed a steam dragon
  3184 | D:5      | Reached XP level 8. HP: 33/54 MP: 8/8
  3776 | D:5      | Bought a scroll of identify for 30 gold pieces
  4144 | D:6      | Reached skill level 7 in Shapeshifting
  4346 | D:6      | Reached skill level 5 in Fighting
  4467 | D:6      | Found a blossoming altar of Fedhas.
  4772 | D:6      | Found a shimmering blue altar of Sif Muna.
  4812 | D:7      | Reached XP level 9. HP: 47/61 MP: 9/9
  4935 | D:7      | Found a staircase to the Ecumenical Temple.
  4991 | Temple   | Entered the Ecumenical Temple
  5007 | Temple   | Became a worshipper of Hepliaklqana the Forgotten
  5056 | D:7      | Reached skill level 1 in Invocations
  5094 | D:7      | Noticed a hornet
  5100 | D:7      | Killed a hornet
  5101 | D:7      | Reached skill level 8 in Shapeshifting
  5570 | D:7      | Reached * piety under Hepliaklqana
  6150 | D:7      | Reached skill level 5 in Evocations
  6374 | D:8      | Reached XP level 10. HP: 59/62 MP: 12/12
  6395 | D:8      | Reached skill level 9 in Shapeshifting
  6745 | D:8      | Found a glowing silver altar of Zin.
  7526 | D:9      | Found a sacrificial altar of Ru.
  7616 | D:9      | Reached ** piety under Hepliaklqana
  7617 | D:9      | Remembered your ancestor Enheduana as a battlemage
  7787 | D:9      | Identified the +0 ring mail of Gluttony {Str+3 SInv}
  7957 | D:9      | Reached skill level 5 in Invocations
  8093 | D:9      | Noticed a two-headed ogre
  8105 | D:9      | Killed a two-headed ogre
  8106 | D:9      | Reached skill level 10 in Shapeshifting
  8370 | D:10     | Entered Level 10 of the Dungeon
  8380 | D:10     | Killed an unseen horror
  8396 | D:10     | Found a staircase to the Lair.
  8399 | D:10     | Reached XP level 11. HP: 55/68 MP: 14/14
  8472 | D:10     | HP: 3/82 [something (5)]
  8719 | D:10     | Reached skill level 11 in Shapeshifting
  8735 | D:10     | HP: 3/82 [yak (9)]
  8737 | D:10     | Slain by an unseen horror

Illustrated notes

Levels and vault maps discovered:
D:1:      psy_arrival_conway, layout_rooms
D:2:      layout_basic, dreamdust_ecumenical_altar_hidden_monk_grotto,
          grunt_ministairs_4, hangedman_abyss_or_decor_lesser_grid,
          minmay_misc_feat_enclosed, st_stairs_12
D:3:      layout_basic, dk_xom_monty_hall, okawaru_metal_pillars_1_2,
          evilmike_ruin_ashenzari, chequers_serial_rivers_micro_d,
          kennysheep_flooded_box, minmay_quadrilaterals
D:4:      layout_basic, mainiacjoe_overflow_big_doors, uniq_grinder,
          uniq_menkaure, uniq_ijyb
D:5:      layout_loops_ring, serial_shops, shop
D:6:      cheibrodos_helix_gallery, layout_basic,
          mainiacjoe_overflow_tiny_flanked, led_sif_pool
D:7:      layout_loops_corners, minmay_temple_entry_hall,
          kennysheep_generic_room_10
D:8:      minmay_distorted_concentric_squares, layout_cave_pools, zin_academy
D:9:      layout_basic, nicolae_ru_the_path_less_chosen
D:10:     layout_cave_pools, hellmonk_lair_entry_icy, enter_bailey_8,
          serial_shops, nicolae_shop_hallway_stairs, serial_park,
          serial_park_fountain, serial_park_gazebo
          [serial_park_minivault_5x5_3], serial_park_square3
          [serial_park_minivault_5x5_7], serial_park_tiny_2
Temple:   dshaligram_water_room_temple

Skill      XL: |  1  2  3  4  5  6  7  8  9 10 11 |
---------------+----------------------------------+-----
Fighting       | 2 3 4 5 6 7 8 |  8.2
Shapeshifting  | 4 5 6 7 8 10 11 | 11.1
Unarmed Combat | 4 5 6 |  6.0
Evocations     | 2 3 5 7 |  7.8
Invocations    | 3 5 |  5.0
Dodging        | |  2.0

Action                     |  1- 3 |  4- 6 |  7- 9 | 10-12 || total
---------------------------+-------+-------+-------+-------++-------
  Melee: Unarmed           |    26 |       |       |    57 ||    83
         Tentacles         |    12 |    12 |    36 |    15 ||    75
         Constrict         |    19 |    15 |    43 |    30 ||   107
         Dagger            |    51 |     9 |       |       ||    60
         Falchion          |       |    50 |   166 |    80 ||   296
         Punch             |       |     1 |     4 |     2 ||     7
   Fire: Sling             |       |       |     4 |     6 ||    10
 Invoke: Ancestor Life: Ba |       |       |       |     1 ||     1
    Use: Potion            |       |     1 |       |       ||     1
         Scroll            |       |       |    10 |     1 ||    11
   Stab: Sleeping          |     3 |     4 |    16 |       ||    23
         Distracted        |       |       |       |     1 ||     1
 Armour: Skin              |    38 |    25 |    91 |   145 ||   299
  Dodge: Dodged            |    59 |    22 |   112 |    73 ||   266
   Form: Anaconda          |       |       |       |     1 ||     1

Table legend: (Time is in decaauts)
 A = Elapsed time spent in this place.
 B = Non-inter-level travel time spent in this place.
 C = Inter-level travel time spent in this place.
 D = Time resting spent in this place.
 E = Time spent auto-exploring this place.
 F = Levels seen in this place.
 G = Mean time per level.
                   A        B        C        D        E       F      G
               +--------+--------+--------+--------+--------+-----+--------+
         Total |   8691 |   8354 |    337 |    800 |   6270 |  11 |  790.1 |
       Dungeon |   8659 |   8322 |    337 |    800 |   6270 |  10 |  865.9 |
        Temple |     32 |     32 |      0 |      0 |      0 |   1 |   32.0 |
               +--------+--------+--------+--------+--------+-----+--------+

Top non-repeatable levels by time:
     D:9: 1587 daAuts
     D:7: 1356 daAuts
     D:5: 1007 daAuts
     D:6: 983 daAuts
     D:3: 852 daAuts
     D:8: 808 daAuts
     D:4: 797 daAuts
     D:2: 638 daAuts
     D:1: 505 daAuts
    D:10: 121 daAuts
  Temple: 32 daAuts
